 Dungeon Crawl Stone Soup version 0.31-a0-4-gefa6de2278 (webtiles) character file.

Game seed: 3329857999379379607

38688 Adrian566 the Bludgeoner (level 14, -4/90 HPs)
             Began as a Gargoyle Fighter on May 4, 2023.
             Was an Initiate of Gozag.
             Slain by a harpy simulacrum (15 damage)
             ... on level 15 of the Dungeon.
             The game lasted 00:18:35 (16363 turns).

Adrian566 the Bludgeoner (Gargoyle Fighter)        Turns: 16363, Time: 00:18:36

Health: -4/90      AC: 36    Str: 30    XL:     14   Next: 3%
Magic:  0/23       EV:  9    Int:  5    God:    Gozag
Gold:   2833       SH: 11    Dex: 14    Spells: 13/13 levels left

rFire   + . .        J - +8 mace of Greed {heavy, rPois rN+ Int-5 Dex+2}
rCold   x . .        O - +0 kite shield
rNeg    + + .        i - +0 plate armour
rPois   ∞            N - +0 helmet
rElec   +            n - +1 cloak
rCorr   +            E - +0 pair of gloves of Siud {rC- Will++ rCorr SInv}
SInv    +            Q - +0 pair of boots "Ketoo" {Drain MP+9 Dex+3 Stlth+}
Will    +++..        D - amulet of guardian spirit Stlth
                     y - +6 ring of strength
HPRegen 0.35/turn    g - +4 ring of protection
MPRegen 0.18/turn

%: guardian spirit
@: gold aura, flying, studying Ice Magic
A: sickness immunity, AC +10, big wings, negative energy resistance 1,
electricity resistance, torment resistance 1, petrification resistance,
deterioration 1, fire resistance 1
a: Renounce Religion, Potion Petition, Call Merchant, Bribe Branch


You were on level 15 of the Dungeon.
You worshipped Gozag.
Gozag was most pleased with you.
You visited 1 branch of the dungeon, and saw 15 of its levels.
You also visited: Bailey.

You collected 3147 gold pieces.
You spent 252 gold pieces at shops.
You paid 62 gold pieces to Gozag.

Inventory:

Hand Weapons
 b - a +5 spectral mace
 J - the +8 mace of Greed (weapon) {heavy, rPois rN+ Int-5 Dex+2}
   (You found it on level 10 of the Dungeon)

   Int:       It affects your intelligence (-5).
   Dex:       It affects your dexterity (+2).
   rPois:     It protects you from poison.
   rN:        It protects you from negative energy.
Missiles
 P - 2 throwing nets (quivered)
Armour
 i - a +0 plate armour (worn)
 n - a +1 cloak (worn)
 E - the +0 pair of gloves of Siud (worn) {rC- Will++ rCorr SInv}
   (You found it on level 7 of the Dungeon)

   rC:        It makes you vulnerable to cold.
   SInv:      It lets you see invisible.
   rCorr:     It protects you from acid and corrosion.
   Will:      It greatly increases your willpower.
 N - a +0 helmet (worn)
 O - a +0 kite shield (worn)
 Q - the +0 pair of boots "Ketoo" (worn) {Drain MP+9 Dex+3 Stlth+}
   (You found it on level 12 of the Dungeon)

   Dex:       It affects your dexterity (+3).
   MP:        It affects your magic capacity (+9).
   Drain:     It drains your maximum health when unequipped.
   Stlth:     It makes you more stealthy.
Jewellery
 c - the ring "Alusist" {Will+ Str+3 SInv}
   (You found it on level 13 of the Dungeon)

   [ring of see invisible]

   Str:       It affects your strength (+3).
   SInv:      It lets you see invisible.
   Will:      It increases your willpower.
 g - a +4 ring of protection (right hand)
 p - a +6 ring of dexterity
 y - a +6 ring of strength (left hand)
 D - an amulet of guardian spirit (around neck)
 G - a ring of see invisible
Wands
 a - a wand of quicksilver (3)
 k - a wand of flame (35)
 u - a wand of charming (18)
 w - a wand of polymorph (7)
 H - a wand of digging (14)
 I - a wand of mindburst (30)
 M - a wand of roots (14)
Scrolls
 d - 6 scrolls of amnesia
 h - 3 scrolls of poison
 j - 5 scrolls of fog
 q - 6 scrolls of teleportation
 t - 4 scrolls of blinking
 v - 2 scrolls of fear
 K - a scroll of brand weapon
 R - 4 scrolls of identify
 S - a scroll of enchant armour
Potions
 f - 5 potions of might
 l - a potion of invisibility {unknown}
 m - 3 potions of mutation
 o - 7 potions of brilliance
 r - 4 potions of cancellation {unknown}
 s - a potion of flight {unknown}
 x - 5 potions of curing
 z - a potion of haste
 A - a potion of berserk rage
 B - 2 potions of degeneration
 C - a potion of attraction {unknown}
 F - 2 potions of ambrosia
Miscellaneous
 T - a phantom mirror


   Skills:
 + Level 11.2 Fighting
 * Level 16.1 Maces & Flails
 + Level 11.9 Armour
 + Level 4.3 Dodging
 + Level 3.2 Stealth
 + Level 10.1 Shields


You had 13 spell levels left.
You didn't know any spells.
Your spell library contained the following spells:

 Spells                   Type           Power      Damage    Failure   Level
 Apportation              Tloc           0%         N/A       99%         1
 Freeze                   Ice            0%         1d3       99%         1
 Sandblast                Erth           0%         2d4       99%         1
 Blink                    Tloc           0%         N/A       100%        2
 Lesser Beckoning         Tloc           0%         N/A       100%        2
 Momentum Strike          Conj/Tloc      0%         3d8       100%        2
 Passwall                 Tmut/Erth      0%         N/A       100%        2
 Poisonous Vapours        Pois/Air       0%         N/A       100%        2
 Dazzling Flash           Conj/Hex       0%         N/A       100%        3
 Frozen Ramparts          Ice            0%         1d1       100%        3
 Hailstorm                Conj/Ice       0%         3d3       100%        3
 Mephitic Cloud           Conj/Pois/Air  0%         N/A       100%        3
 Ozocubu's Armour         Ice            0%         N/A       100%        3
 Stone Arrow              Conj/Erth      0%         3d7       100%        3
 Summon Guardian Golem    Hex/Summ       0%         N/A       100%        3
 Volatile Blastmotes      Fire/Tloc      0%         2d10      100%        3
 Animate Armour           Summ/Erth      0%         N/A       100%        4
 Iskenderun's Mystic Bla  Conj/Tloc      0%         2d3       100%        4
 Alistair's Intoxication  Tmut/Pois      0%         N/A       100%        5
 Freezing Cloud           Conj/Ice/Air   0%         6-21      100%        5
 Summon Forest            Summ/Tloc      0%         N/A       100%        5
 Eringya's Noxious Bog    Tmut/Pois      0%         N/A       100%        6
 Starburst                Conj/Fire      0%         6d3       100%        6
 Orb of Destruction       Conj           0%         9d5       100%        7
 Ozocubu's Refrigeration  Ice            0%         4d7       100%        7
 Spellforged Servitor     Conj/Summ      0%         N/A       100%        7
 Summon Hydra             Summ           0%         N/A       100%        7
 Lehudib's Crystal Spear  Conj/Erth      0%         10d2      100%        8


Dungeon Overview and Level Annotations

Branches:
Dungeon (15/15)            Temple (0/1) D:5            Lair (0/5) D:11
    Orc (0/2) D:10         Vaults (0/5) D:14         Depths (0/4) D:15
 Bailey (visited)

Altars:
Elyvilon
Gozag
Hepliaklqana
Trog

Shops:
D:3 :   D:5 [   D:6 !   D:12 [


Innate Abilities, Weirdness & Mutations

You are immune to sickness and miasma.
Your stone body is resilient. (AC +10)
You are immune to poison.
Your large and strong wings let you fly.
You resist negative energy. (rN+)
You are resistant to electric shocks. (rElec)
You are resistant to unholy torment.
You are immune to petrification.
Your body sometimes deteriorates upon taking damage.
Your flesh is heat resistant. (rF+)


Message History

The purple ugly thing bites you but does no damage. x2
You bludgeon the purple ugly thing!!
You kill the purple ugly thing!
You bludgeon the lindwurm simulacrum!!
The lindwurm simulacrum vaporises!
You swing at nothing.
Really fly into that cloud of freezing vapour? [Y]es or [N]o only, please.
Really fly into that cloud of freezing vapour?
You are engulfed in freezing vapours.
You see here 26 gold pieces.
A deep troll simulacrum comes into view.
Found 2 scrolls of identify.
A spriggan defender simulacrum comes into view.
The spriggan defender simulacrum moves out of view.
A spriggan defender simulacrum and a minotaur simulacrum come into view.
A harpy simulacrum and a lindwurm simulacrum come into view.
You crush the spriggan defender simulacrum like a grape!!!
The spriggan defender simulacrum is almost destroyed.
The spriggan defender simulacrum hits you!
The spriggan defender simulacrum freezes you!!!
You feel a terrible chill!
* * * LOW HITPOINT WARNING * * *
The minotaur simulacrum is distracted by your dazzling golden aura.
The lindwurm simulacrum is distracted by your dazzling golden aura.
The harpy simulacrum attacks as you move away!
The harpy simulacrum claws you but does no damage. x2
The spriggan defender simulacrum attacks as you move away!
You block the spriggan defender simulacrum's attack.
The lindwurm simulacrum is no longer distracted by gold.
The spriggan defender simulacrum is distracted by your dazzling golden aura.
The harpy simulacrum claws you.
* * * LOW HITPOINT WARNING * * *
The harpy simulacrum freezes you!
You feel a terrible chill!
* * * LOW HITPOINT WARNING * * *
The harpy simulacrum claws you.
* * * LOW HITPOINT WARNING * * *
The harpy simulacrum freezes you!!
You feel a terrible chill!
You die...
Your body crumbles into a pile of gold.

** #..##,**,**,,**,*#..* **,, ,**
*#...#**,**,,,,,....* **,,, ,,**
#....,,,***,,,...?.* **,,,,
,,,*###...#########.#...****$,,,,
,,,+...........$.........,,+,,,,,
,,,**##.....####........#***,,,,,
,,** ##....# #.##.##.## **,,,,
,** ##}..# #.≈≈≈≈≈≈≈# **,,, **
##.## #@#.....#* **,, * #.#
*#Z.Z~...# **+ #.# #...Z~..## *,
#.# #.##Z...#******* *, # #.#
#.**.......,,,,***, ####### #.#
#.**.ZZ..##***,**,, ......# #.#
#.,,.....# *,*,,, #####.####.#
##**.Z...# *,**,, ##.........#
*.....# *,**,,


You could see a lindwurm simulacrum (unaware), a harpy simulacrum, 2 spriggan
defender simulacra, 2 minotaur simulacra and a deep troll simulacrum.

Vanquished Creatures
  An ettin (D:15)
  Josephine (D:11)
  An entropy weaver (shapeshifter) (D:14)
  Harold (D:11)
  Erolcha (D:11)
  2 hydras
  A catoblepas (D:13)
  2 boulder beetles
  Erica (D:11)
  2 dancing weapons (D:14)
  5 two-headed ogres
  A hell knight (D:15)
  The ghost of jasper the Jinx, a journeyman SpCj of Sif Muna (D:11)
  2 tengu warriors
  The ghost of mandoloar the Sneak, a novice OpTm of Cheibriados (D:9)
  A fire crab (D:11)
  A wizard (D:15)
  A necromancer (D:15)
  A deep elf pyromancer (D:12)
  5 ugly things
  A manticore (D:14)
  3 cyclopes
  2 gargoyles
  A guardian serpent (shapeshifter) (D:14)
  Joseph (D:7)
  8 kobold demonologists
  Maggie (D:10)
  A komodo dragon (D:11)
  2 tengu conjurers (D:14)
  2 trolls
  A polar bear (D:15)
  Grinder (D:6)
  4 hornets
  5 slime creatures
  4 spriggans
  2 shadows (D:11)
  20 yaks
  6 wraiths
  A vampire (D:13)
  Eustachio (D:6)
  A basilisk (D:14)
  A basilisk (shapeshifter) (D:13)
  6 vampire mosquitoes
  Menkaure (D:4)
  A redback simulacrum (D:15)
  2 acid dragons
  A water moccasin (D:9)
  Duvessa (D:6)
  3 orc warriors
  A black bear (shapeshifter) (D:14)
  A sky beast (D:7)
  3 wolves
  9 centaurs
  6 ogres
  2 phantoms (D:6)
  14 kobold brigands
  3 bullfrogs
  3 gnoll sergeants
  2 scorpions
  Dowan (D:6)
  12 wights
  A lindwurm simulacrum (D:15)
  11 killer bees
  3 hounds
  Crazy Yiuf (D:4)
  A jelly (D:6)
  5 orc priests
  3 sleepcaps
  6 iguanas
  6 orc wizards
  Robin (D:2)
  16 gnolls
  10 adders
  2 white imps
  An ufetubus (D:5)
  A worm (D:4)
  4 dart slugs
  39 orcs
  4 bats
  7 endoplasms
  3 giant cockroaches
  14 hobgoblins
  A jackal (D:5)
  A quokka (D:2)
  4 ball pythons
  3 frilled lizards
  23 goblins
  32 kobolds
  3 rats
379 creatures vanquished.

Vanquished Creatures (others)
  A wizard (D:14)
  A fungus (D:9)
  A plant (D:9)
3 creatures vanquished.

Grand Total: 382 creatures vanquished

Notes
Turn   | Place    | Note
-------+----------+-------------------------------------------
     0 | D:1      | Adrian566 the Gargoyle Fighter began the quest for the Orb.
     0 | D:1      | Reached XP level 1. HP: 14/14 MP: 1/1
   153 | D:1      | Reached XP level 2. HP: 19/19 MP: 2/2
   503 | D:1      | Found a faded altar of an unknown god.
   808 | D:1      | Reached XP level 3. HP: 23/23 MP: 3/3
  1166 | D:2      | Noticed Robin
  1192 | D:2      | Killed Robin
  1196 | D:2      | Reached XP level 4. HP: 16/29 MP: 4/4
  1503 | D:2      | Reached skill level 3 in Maces & Flails
  1503 | D:2      | Reached XP level 5. HP: 30/33 MP: 5/5
  1619 | D:2      | Identified the +0 dagger of Upheaval {holy, SInv}
  2276 | D:3      | Reached skill level 5 in Armour
  2454 | D:3      | Found Gylasho's Book Emporium.
  2474 | D:3      | Reached XP level 6. HP: 38/38 MP: 6/6
  2590 | D:3      | Reached skill level 4 in Maces & Flails
  3245 | D:4      | Found a white marble altar of Elyvilon.
  3294 | D:4      | Found a bloodstained altar of Trog.
  3339 | D:4      | Identified the +2 ring mail of the Tuna {Rampage rF+ SInv}
  3443 | D:4      | Reached skill level 1 in Dodging
  3501 | D:4      | Found an opulent altar of Gozag.
  3535 | D:4      | Reached skill level 5 in Maces & Flails
  3625 | D:4      | Reached XP level 7. HP: 43/43 MP: 7/7
  3702 | D:4      | Found a runed translucent door.
  3703 | D:4      | Noticed Crazy Yiuf
  3774 | D:4      | Noticed Menkaure
  3775 | D:4      | Found a hazy altar of Hepliaklqana.
  3776 | D:4      | Found a faded altar of an unknown god.
  3788 | D:4      | Killed Menkaure
  3815 | D:4      | Reached skill level 6 in Maces & Flails
  4244 | D:4      | Killed Crazy Yiuf
  4381 | D:4      | Became a worshipper of Gozag Ym Sagoz the Greedy
  4425 | D:5      | Entered Level 5 of the Dungeon
  4530 | D:5      | Identified the +6 scale mail "Wiyx" {rElec rPois}
  4531 | D:5      | Noticed a troll
  4542 | D:5      | Killed a troll
  4543 | D:5      | Reached skill level 7 in Maces & Flails
  4543 | D:5      | Reached XP level 8. HP: 6/48 MP: 8/8
  4928 | D:5      | Found Faor's Antique Armour Emporium.
  5130 | D:5      | Found a staircase to the Ecumenical Temple.
  5258 | D:6      | Found Futwost's Distillery.
  5278 | D:6      | Bought a potion of curing for 42 gold pieces
  5278 | D:6      | Bought 2 potions of curing for 84 gold pieces
  5278 | D:6      | Bought a potion of heal wounds for 70 gold pieces
  5278 | D:6      | Bought a potion of might for 56 gold pieces
  5428 | D:6      | Noticed Grinder
  5439 | D:6      | Paralysed by Grinder for 5 turns
  5468 | D:6      | Killed Grinder
  5469 | D:6      | Reached skill level 8 in Maces & Flails
  5469 | D:6      | Reached skill level 1 in Stealth
  5561 | D:6      | Noticed Eustachio
  5576 | D:6      | Killed Eustachio
  5577 | D:6      | Reached XP level 9. HP: 40/52 MP: 9/9
  6014 | D:7      | Identified the +0 pair of gloves of Siud {rC- Will++ rCorr
                  | SInv}
  6047 | D:7      | Reached skill level 9 in Maces & Flails
  6058 | D:7      | Reached skill level 5 in Fighting
  6058 | D:7      | Reached skill level 5 in Shields
  6103 | D:7      | Noticed Joseph
  6120 | D:7      | Killed Joseph
  6248 | D:7      | Noticed Dowan
  6249 | D:7      | Noticed Duvessa
  6345 | D:6      | Killed Dowan
  6349 | D:6      | Killed Duvessa
  6599 | D:7      | Reached skill level 10 in Maces & Flails
  7097 | D:8      | Reached XP level 10. HP: 58/59 MP: 8/10
  7885 | D:8      | Reached skill level 11 in Maces & Flails
  8623 | D:9      | Noticed a kobold demonologist
  8650 | D:9      | Noticed a smoke demon
  8660 | D:9      | Noticed a smoke demon
  8667 | D:9      | Killed a kobold demonologist
  8800 | D:9      | Found a flagged portal.
  8806 | Bailey   | Entered a bailey
  9096 | Bailey   | Reached skill level 12 in Maces & Flails
  9102 | Bailey   | Noticed a two-headed ogre
  9104 | Bailey   | Gained mutation: You occasionally shout uncontrollably at
                  | your foes. [potion of mutation]
  9121 | Bailey   | Killed a two-headed ogre
  9122 | Bailey   | Reached XP level 11. HP: 43/66 MP: 7/11
  9122 | Bailey   | Lost mutation: You occasionally shout uncontrollably at
                  | your foes. [potion of mutation]
  9122 | Bailey   | Gained mutation: You are covered in fur. (AC +1) [potion of
                  | mutation]
  9122 | Bailey   | Gained mutation: Your large and strong wings let you fly.
                  | [potion of mutation]
  9287 | Bailey   | Lost mutation: Your large and strong wings let you fly.
                  | [potion of mutation]
  9287 | Bailey   | Lost mutation: You are covered in fur. (AC +1) [potion of
                  | mutation]
  9287 | Bailey   | Gained mutation: Your flesh is heat resistant. (rF+)
                  | [potion of mutation]
  9287 | Bailey   | Gained mutation: Your body sometimes deteriorates upon
                  | taking damage. [potion of mutation]
  9827 | D:9      | Found a runed translucent gate.
  9827 | D:9      | Found a runed translucent gate.
  9827 | D:9      | Found a runed translucent gate.
  9830 | D:9      | Noticed mandoloar's ghost (novice OpTm)
  9845 | D:9      | Noticed a sixfirhy
  9871 | D:9      | Killed mandoloar's ghost
  9872 | D:9      | Reached skill level 13 in Maces & Flails
 10202 | D:10     | Entered Level 10 of the Dungeon
 10261 | D:10     | Found a staircase to the Orcish Mines.
 10539 | D:10     | Noticed Maggie
 10558 | D:10     | Killed Maggie
 10744 | D:10     | Noticed a two-headed ogre
 10752 | D:10     | Killed a two-headed ogre
 10753 | D:10     | Reached skill level 14 in Maces & Flails
 11247 | D:10     | Reached XP level 12. HP: 60/73 MP: 10/12
 11443 | D:10     | Identified the +8 mace of Greed {heavy, rPois rN+ Int-5
                  | Dex+2}
 11462 | D:10     | Identified the +1 buckler of the Butcher {rElec}
 11700 | D:11     | Found a staircase to the Lair.
 11817 | D:11     | Noticed Josephine
 11827 | D:11     | Killed Josephine
 11949 | D:11     | Noticed Erica
 11956 | D:11     | Killed Erica
 12015 | D:11     | Noticed jasper's ghost (journeyman SpCj)
 12016 | D:11     | Found a runed translucent door.
 12181 | D:11     | Noticed Harold
 12189 | D:11     | Killed Harold
 12361 | D:11     | Noticed Erolcha
 12375 | D:11     | Killed Erolcha
 12445 | D:11     | Reached skill level 15 in Maces & Flails
 12631 | D:11     | Killed jasper's ghost
 12801 | D:11     | Reached skill level 10 in Armour
 13009 | D:12     | Identified the +0 pair of boots "Ketoo" {Drain MP+9 Dex+3
                  | Stlth+}
 13296 | D:12     | Noticed a two-headed ogre
 13303 | D:12     | Killed a two-headed ogre
 13337 | D:12     | Found Aru Ewi's Armour Shop.
 13369 | D:12     | Noticed a two-headed ogre
 13376 | D:12     | Killed a two-headed ogre
 13377 | D:12     | Reached XP level 13. HP: 81/81 MP: 13/13
 13486 | D:12     | Identified the +3 long sword of Fresh Prudence {elec, SInv
                  | Stlth+}
 13684 | D:13     | Identified the ring "Alusist" {Will+ Str+3 SInv}
 14092 | D:13     | Reached skill level 10 in Fighting
 14732 | D:14     | Identified the +4 shortbow of Change {flame, rC+ rCorr}
 14877 | D:14     | a harpy changed into an entropy weaver
 14877 | D:14     | Noticed an entropy weaver (shapeshifter)
 14898 | D:14     | Killed an entropy weaver
 15595 | D:14     | Found a gate to the Vaults.
 15703 | D:15     | Entered Level 15 of the Dungeon
 15737 | D:15     | Reached skill level 16 in Maces & Flails
 15897 | D:15     | Noticed an ettin
 15919 | D:15     | Killed an ettin
 16165 | D:15     | Reached skill level 10 in Shields
 16347 | D:15     | Gained mutation: Your large and strong wings let you fly.
                  | [Gargoyle growth]
 16347 | D:15     | Reached XP level 14. HP: 54/90 MP: 14/14
 16363 | D:15     | Slain by a harpy simulacrum

Illustrated notes

Levels and vault maps discovered:
D:1:      sevenhm_arrival_forest_fort_large_4, layout_basic,
          hellmonk_ecumenical_altar_leap_of_faith
D:2:      layout_loops_ring, chequers_jeans, uniq_robin
D:3:      layout_basic, serial_shops, shop, hex_tiny
D:4:      layout_loops_ring, marbit_many_paths,
          beargit_hepliaklqana_dungeon_heroes,
          mainiacjoe_overflow_catch_the_wave, uniq_menkaure,
          uniq_crazy_yiuf_cottage
D:5:      layout_loops_ring, minmay_temple_entry_poolview, serial_shops, shop,
          minmay_manual_mandibuliform
D:6:      layout_basic, serial_shops, shop_coins, uniq_grinder, uniq_eustachio
D:7:      layout_cave_pools, hangedman_abyss_or_decor_passed, uniq_joseph,
          uniq_duvessa
D:8:      layout_loops_ring
D:9:      layout_rooms, gammafunk_ghost_nasty_kobolds, enter_bailey_3,
          the_hattery
D:10:     layout_stronghold, orc_0_dummy, kennysheep_generic_room_10,
          uniq_maggie
D:11:     layout_loops_cross, minmay_lair_entry_lava,
          hellmonk_ghost_happy_afterlife, uniq_erica, uniq_josephine,
          uniq_erolcha, uniq_harold
D:12:     layout_cave_pools, serial_shops, shop, minmay_librarian
D:13:     layout_basic
D:14:     layout_basic, erik_vaults_1
D:15:     hangedman_depths_entry_civil_slaughter, layout_loops_corners,
          chequers_serial_rivers_micro_e, serial_ice, serial_ice_k,
          serial_ice_b, serial_ice_o, serial_ice_m,
          portal_ice_cave_entry_ice_simulacra, minmay_statue_bubble

Skill      XL: |  1  2  3  4  5  6  7  8  9 10 11 12 13 |
---------------+----------------------------------------+-----
Armour         | 4 5 6 7 8 10 11 | 11.9
Maces & Flails | 3 5 7 8 10 12 14 15 16 | 16.1
Fighting       | 4 5 6 7 9 11 | 11.2
Shields        | 4 5 6 7 8 10 | 10.1
Dodging        | 1 2 3 4 |  4.3
Stealth        | 1 2 3 |  3.2

Action                     |  1- 3 |  4- 6 |  7- 9 | 10-12 | 13-15 || total
---------------------------+-------+-------+-------+-------+-------++-------
  Melee: Flail             |   100 |   227 |   328 |   406 |       ||  1061
         Mace              |       |       |       |   467 |   265 ||   732
    Use: Scroll            |     7 |     2 |     5 |    11 |     2 ||    27
         Potion            |     2 |     2 |     3 |     8 |     4 ||    19
   Stab: Distracted        |       |       |       |     2 |     2 ||     4
 Armour: Scale mail        |    56 |    80 |   217 |    78 |       ||   431
         Plate armour      |       |       |       |   492 |   252 ||   744
         Skin              |       |       |       |    58 |       ||    58
  Dodge: Dodged            |    41 |   148 |   188 |   352 |    92 ||   821
  Block: Buckler           |    15 |    53 |    89 |   220 |    73 ||   450
         Kite shield       |       |       |       |       |    63 ||    63

Table legend: (Time is in decaauts)
 A = Elapsed time spent in this place.
 B = Non-inter-level travel time spent in this place.
 C = Inter-level travel time spent in this place.
 D = Time resting spent in this place.
 E = Time spent auto-exploring this place.
 F = Levels seen in this place.
 G = Mean time per level.
                   A        B        C        D        E       F      G
               +--------+--------+--------+--------+--------+-----+--------+
         Total |  16390 |  15755 |    635 |   1969 |  10395 |  16 | 1024.4 |
       Dungeon |  15897 |  15262 |    635 |   1969 |  10029 |  15 | 1059.8 |
        Bailey |    492 |    492 |      0 |      0 |    365 |   1 |  492.0 |
               +--------+--------+--------+--------+--------+-----+--------+

Top non-repeatable levels by time:
     D:8: 1638 daAuts
     D:4: 1460 daAuts
    D:10: 1454 daAuts
    D:14: 1299 daAuts
    D:11: 1230 daAuts
     D:9: 1140 daAuts
     D:3: 1111 daAuts
     D:1: 1089 daAuts
    D:13: 959 daAuts
     D:6: 878 daAuts
     D:5: 842 daAuts
     D:2: 837 daAuts
    D:12: 784 daAuts
     D:7: 718 daAuts
  Bailey: 492 daAuts
